[Event "Titled Tuesday Blitz June 20 Late 2023"]
[White "Janaszak, Dawid"]
[Black "Ladron De Guevara Pinto, Paolo"]
[WhiteFideId "1119206"]
[BlackFideId "2290847"]
[WhiteElo "2220"]
[BlackElo "2398"]
[Result "0-1"]
[Round "7"]
[TimeControl "180+2"]
[Date "2023.06.20"]
[WhiteClock "0:00:10"]
[BlackClock "0:00:06"]
[Board "74"]

1. e4 c5 2. Nc3 a6 3. d4 cxd4 4. Qxd4 Nc6 5. Qd2 g6 6. b3 Bh6 7. f4 Nf6 8. Bb2 e5 9. g3 O-O 10. O-O-O d6 11. Kb1 Bg4 12. Be2 Nd4 13. Bxg4 Nxg4 14. h3 Nf6 15. Qf2 Rc8 16. Nf3 Rxc3 17. Nxd4 exd4 18. Qxd4 Rxg3 19. e5 Nh5 20. Qf2 d5 21. f5 Be3 22. Qf1 d4 23. c3 Qg5 24. fxg6 Qxg6+ 25. Ka1 dxc3 26. Bxc3 Bh6 27. Bb2 Bg7 28. Qe1 Re8 29. Rf1 Rg5 30. Rd5 Qe6 31. Qd1 Ng3 32. Re1 Nf5 33. h4 Rg2 34. Bc3 Rg3 35. Bb2 b5 36. h5 Ne3 37. Qd3 Nxd5 38. Qxg3 Kf8 39. Bd4 Ne7 40. Rf1 Nf5 41. Bc5+ Kg8 42. Qg1 Qxe5+ 43. Bd4 Qxd4+ 44. Qxd4 Bxd4+ 45. Kb1 Ne3 46. Rf4 Be5 47. Re4 Nd5 48. Kc2 f5 49. Re1 f4 50. Rg1+ Kf7 51. Kd3 Kf6 52. h6 Bd6 53. Rg7 f3 54. Rd7 Re6 55. Rd8 f2 0-1


[Site "https://www.chess.com"]

[Event "Titled Tuesday Blitz June 20 Late 2023"]
[White "Gubajdullin, Alexei"]
[Black "Balla, Tamas-Kristof"]
[WhiteFideId "4141202"]
[BlackFideId "1208497"]
[WhiteElo "2279"]
[BlackElo "2334"]
[Result "1-0"]
[Round "7"]
[TimeControl "180+2"]
[Date "2023.06.20"]
[WhiteClock "0:01:48"]
[BlackClock "0:00:48"]
[Board "75"]

1. d4 d5 2. Nf3 Nf6 3. Bf4 e6 4. e3 Bd6 5. Bg3 O-O 6. Nbd2 b6 7. Bd3 c5 8. c3 Ba6 9. Bxa6 Nxa6 10. Bxd6 Qxd6 11. Ne5 Nb8 12. O-O Nc6 13. f4 Nd7 14. Qa4 Ncxe5 15. fxe5 Qc7 16. e4 Rae8 17. exd5 exd5 18. Nf3 f6 19. Qb3 Qc6 20. exf6 Rxf6 21. Rae1 Ref8 22. a4 cxd4 23. Nxd4 Qd6 24. Rxf6 Nxf6 25. Nf5 Qf4 26. Rf1 Qe5 27. Qb5 Ng4 28. Qxd5+ Qxd5 29. Ne7+ 1-0


[Site "https://www.chess.com"]

[Event "Titled Tuesday Blitz June 20 Late 2023"]
[White "Gabdushev, Ruslan"]
[Black "Fiorito, Francisco"]
[WhiteFideId "4137833"]
[BlackFideId "180165"]
[WhiteElo "2233"]
[BlackElo "2319"]
[Result "0-1"]
[Round "7"]
[TimeControl "180+2"]
[Date "2023.06.20"]
[WhiteClock "0:00:00"]
[BlackClock "0:00:38"]
[Board "76"]

1. b3 d5 2. Bb2 Nf6 3. e3 Bf5 4. f4 e6 5. Nf3 Be7 6. Bd3 Bxd3 7. cxd3 c5 8. Ne5 Nc6 9. Nxc6 bxc6 10. O-O Qb6 11. Nc3 O-O 12. Na4 Qb5 13. Qc2 Nd7 14. Ba3 Rfc8 15. d4 Qa5 16. Bxc5 Nxc5 17. Nxc5 Bxc5 18. dxc5 Rd8 19. d4 Qb5 20. f5 exf5 21. Qxf5 Qb7 22. Rf3 Re8 23. Rh3 g6 24. Qg5 Re4 25. Rf1 Rae8 26. Rf6 Qe7 27. Rhf3 Re6 28. Kf2 a5 29. Qf4 Rxf6 30. Qxf6 Qd7 31. h4 Re6 32. Qf4 h5 33. Qg5 Re4 34. Rf4 Rxf4+ 35. Qxf4 Qe6 36. a3 Qc8 37. Qd6 Qf5+ 38. Kg1 Qb1+ 39. Kh2 Qxb3 40. Qxc6 Qxa3 41. Qxd5 Qxe3 42. Qd6 Qe1 43. Qf6 a4 44. c6 Qc1 45. Qd6 a3 46. c7 a2 47. Qd8+ Kg7 48. c8=Q Qxc8 49. Qxc8 a1=Q 50. Qc5 Qe1 51. Qe5+ Qxe5+ 52. dxe5 g5 53. hxg5 Kg6 54. Kg3 Kxg5 55. Kh3 h4 56. Kh2 Kg4 57. Kg1 Kf4 58. Kh2 Kg4 59. Kg1 Kg3 60. Kf1 Kf4 0-1


[Site "https://www.chess.com"]

[Event "Titled Tuesday Blitz June 20 Late 2023"]
[White "Mendez Fortes, Eduardo Jesus"]
[Black "Kaplan, Avi Harrison"]
[WhiteFideId "3502376"]
[BlackFideId "30934559"]
[WhiteElo "2307"]
[BlackElo "1983"]
[Result "1-0"]
[Round "7"]
[TimeControl "180+2"]
[Date "2023.06.20"]
[WhiteClock "0:00:41"]
[BlackClock "0:00:10"]
[Board "77"]

1. e4 b6 2. d4 Bb7 3. Nc3 e6 4. Bd3 f5 5. Qh5+ g6 6. Qe2 Bg7 7. Be3 f4 8. Bxf4 Bxd4 9. Nf3 Bg7 10. h4 Ne7 11. h5 O-O 12. Bd2 Nbc6 13. O-O-O a6 14. e5 Nf5 15. Bg5 Qe8 16. Bxf5 Rxf5 17. h6 Bxe5 18. Nxe5 Nxe5 19. f4 Nf7 20. g4 Rxg5 21. fxg5 Bxh1 22. Rxh1 Qe7 23. Kb1 Nxg5 24. Nd5 Qf8 25. Rf1 exd5 26. Rxf8+ Rxf8 27. a4 Ne6 28. Qe5 d4 29. Qd5 Rf7 30. Qa8+ Nf8 31. Qxa6 Rf6 32. Qc4+ Ne6 33. Qd5 g5 34. Qxd7 Rxh6 35. b4 Rf6 36. a5 h5 37. a6 Ng7 38. a7 Rf8 39. Qd5+ Kh7 40. Qe4+ Kh6 41. gxh5 Nxh5 42. a8=Q Rxa8 43. Qxa8 g4 44. Qg8 g3 45. Qg4 c5 46. bxc5 bxc5 47. Kc1 c4 48. Qxd4 c3 49. Qxc3 g2 50. Qd2+ Kh7 51. Qxg2 Nf6 52. Qh3+ Kg7 53. Qc3 Kg6 54. Kb2 Ng8 55. Kb3 Nh6 56. Kb4 Nf7 57. Ka5 Kh7 58. Qc7 Kg8 59. Qxf7+ Kh8 60. Qe7 Kg8 61. Kb5 Kh8 62. c4 Kg8 63. c5 Kh8 64. c6 Kg8 65. c7 Kh8 66. c8=Q# 1-0


[Site "https://www.chess.com"]

[Event "Titled Tuesday Blitz June 20 Late 2023"]
[White "brm72"]
[Black "Jonkman, Harmen"]
[BlackFideId "1002708"]
[WhiteElo "2570"]
[BlackElo "2368"]
[Result "0-1"]
[Round "7"]
[TimeControl "180+2"]
[Date "2023.06.20"]
[WhiteClock "0:00:04"]
[BlackClock "0:00:09"]
[Board "78"]

1. e4 e5 2. Nf3 Nc6 3. d4 exd4 4. Nxd4 Nf6 5. Nxc6 bxc6 6. e5 Qe7 7. Qe2 Nd5 8. h4 a5 9. c4 Nb4 10. a3 Na6 11. Bg5 Qe6 12. Nd2 Nc5 13. g3 h6 14. Bf4 Be7 15. O-O-O Rb8 16. Ne4 Na4 17. Rd2 Nxb2 18. Bh3 Qxc4+ 19. Qxc4 Nxc4 20. Rd4 Nxa3 21. Rhd1 Rb1+ 22. Kd2 Bb4+ 23. Ke2 Rxd1 24. Rxd1 Ke7 25. Be3 d6 26. Bxc8 Rxc8 27. Rc1 c5 28. Bf4 Nb5 29. Rd1 Rd8 30. Rc1 a4 31. g4 a3 32. g5 h5 33. g6 f6 34. exf6+ gxf6 35. Bh6 Nd4+ 36. Kd3 Nb3 37. Rg1 a2 38. Ng3 a1=Q 39. Nf5+ Ke6 40. Rxa1 Nxa1 41. Ng7+ Ke5 42. f4+ Kd5 43. Nxh5 Ke6 44. Ng7+ Ke7 45. f5 Nb3 46. Ne6 Rg8 47. h5 d5 48. Bf4 c4+ 49. Ke2 c5 50. h6 Nd4+ 51. Nxd4 cxd4 52. h7 Kf8 53. hxg8=Q+ Kxg8 54. Bh6 d3+ 55. Kd1 c3 56. Be3 c2+ 57. Kc1 Bc3 58. Bd2 Bd4 59. Bb4 Be5 60. Bd2 Kf8 61. Bb4+ Kg8 62. Bd2 Bd6 63. Bb4 Bxb4 64. Kb2 Bd2 65. Kb3 c1=Q 0-1


[Site "https://www.chess.com"]

[Event "Titled Tuesday Blitz June 20 Late 2023"]
[White "Fiedorek, Michal"]
[Black "Pinheiro, Iung Alicio de O."]
[WhiteFideId "1199528"]
[BlackFideId "2104350"]
[WhiteElo "2135"]
[BlackElo "2283"]
[Result "0-1"]
[Round "7"]
[TimeControl "180+2"]
[Date "2023.06.20"]
[WhiteClock "0:00:00"]
[BlackClock "0:00:11"]
[Board "79"]

1. e4 e5 2. Nf3 Nc6 3. Bc4 Nf6 4. d3 Be7 5. O-O O-O 6. a4 d6 7. c3 Kh8 8. Re1 Ng8 9. d4 f5 10. exf5 d5 11. Bb5 e4 12. Ne5 Nxe5 13. dxe5 Bxf5 14. a5 c6 15. Bf1 a6 16. Bf4 Bc5 17. Be3 Bxe3 18. Rxe3 Nh6 19. h3 Nf7 20. Qd4 Qe7 21. Nd2 Nxe5 22. b4 Bg6 23. Nb3 Qf6 24. Rg3 Rae8 25. Nc5 Re7 26. Rd1 h5 27. Qe3 Ref7 28. Rd2 Bf5 29. Rg5 g6 30. Rg3 Kh7 31. Qf4 Bc8 32. Qxf6 Rxf6 33. Rg5 Nf7 34. Rg3 h4 35. Re3 Nd6 36. Re1 g5 37. c4 dxc4 38. Nxe4 Nxe4 39. Rxe4 c3 40. Rc2 Bf5 41. Re7+ R6f7 42. Rxf7+ Rxf7 43. Rxc3 Re7 44. Re3 Rd7 45. Re5 Kg6 46. g4 hxg3 47. fxg3 Rd1 48. Kf2 Kf6 49. Re8 Be6 50. Rb8 Rd2+ 51. Ke3 Rd1 52. Kf2 Rd2+ 53. Ke3 Rb2 54. Rxb7 Rb3+ 55. Kf2 Ke5 56. Rb6 Bd5 57. Bxa6 Rf3+ 58. Ke2 Rxg3 59. Bd3 Rxh3 60. a6 Rh2+ 61. Ke3 Ra2 62. Rb7 Ra4 63. a7 g4 64. Re7+ Kd6 65. Rg7 Bf3 66. Kd4 c5+ 67. Ke3 cxb4 68. Bb5 Ra3+ 69. Kf4 b3 70. Bd3 b2 71. Bb1 Ra1 72. Bf5 b1=Q 73. Bxb1 Rxb1 74. a8=Q Bxa8 75. Rxg4 Bd5 76. Rg6+ Kc5 77. Rg5 Rf1+ 78. Ke5 Re1+ 79. Kf6 Kd4 80. Kg7 Re7+ 81. Kf6 Rf7+ 82. Kg6 Rf1 83. Kg7 Be4 84. Ra5 Bd5 85. Ra7 Ke5 86. Re7+ Be6 87. Rb7 Rg1+ 0-1


[Site "https://www.chess.com"]

[Event "Titled Tuesday Blitz June 20 Late 2023"]
[White "Taboas Rodriguez, Daniel"]
[Black "Herrera, Juan Sebastian"]
[WhiteFideId "2208466"]
[BlackFideId "4403266"]
[WhiteElo "2365"]
[BlackElo "2255"]
[Result "0-1"]
[Round "7"]
[TimeControl "180+2"]
[Date "2023.06.20"]
[WhiteClock "0:00:00"]
[BlackClock "0:00:08"]
[Board "80"]

1. d4 d5 2. Nf3 Nf6 3. c4 c6 4. cxd5 cxd5 5. Nc3 Nc6 6. Bf4 a6 7. Rc1 g6 8. e3 Bg7 9. Bd3 O-O 10. O-O Nh5 11. Bg5 Qd6 12. a3 Bg4 13. h3 Bxf3 14. Qxf3 e6 15. g4 f6 16. Bh4 g5 17. gxh5 gxh4 18. Kh1 Kh8 19. Rg1 Bh6 20. Rg4 f5 21. Rg2 Nxd4 22. Qd1 Nc6 23. Ne2 e5 24. Qb3 b5 25. Rcg1 e4 26. Qc3+ Ne5 27. Bb1 Rac8 28. Qd4 Rc4 29. Qa7 Rc7 30. Qd4 Rc4 31. Qa7 Nf3 32. Rd1 Rc7 33. Rxd5 Qc6 34. Rc5 Qxc5 35. Qxa6 Rc6 36. Qb7 Qc1+ 37. Ng1 Rc7 38. Qd5 Qxb1 39. Qd6 Rc1 0-1


[Site "https://www.chess.com"]

[Event "Titled Tuesday Blitz June 20 Late 2023"]
[White "Leenhouts, Koen"]
[Black "Carrasco Miranda, Andres"]
[WhiteFideId "1008439"]
[BlackFideId "3405990"]
[WhiteElo "2409"]
[BlackElo "2183"]
[Result "1-0"]
[Round "7"]
[TimeControl "180+2"]
[Date "2023.06.20"]
[WhiteClock "0:02:08"]
[BlackClock "0:02:03"]
[Board "81"]

1. e4 e5 2. Nf3 Nc6 3. Bb5 Nf6 4. d3 Bc5 5. O-O Nd4 6. Nxd4 Bxd4 7. c3 Bb6 8. Be3 c6 9. Bc4 d5 10. exd5 cxd5 11. Bb5+ Bd7 12. Bxd7+ Qxd7 13. Bxb6 axb6 14. Re1 Qc7 15. d4 e4 16. Nd2 O-O 17. Nf1 Rfd8 18. Ne3 g6 19. h3 Kg7 20. a3 Nh5 21. Qg4 Qf4 22. g3 Qxg4 23. hxg4 Nf6 24. Kg2 h5 25. gxh5 Nxh5 26. Rh1 Rd6 27. Rxh5 1-0


[Site "https://www.chess.com"]

[Event "Titled Tuesday Blitz June 20 Late 2023"]
[White "Sivakumar, Shaaketh"]
[Black "Perez, Maximiliano"]
[WhiteFideId "30940176"]
[BlackFideId "117234"]
[WhiteElo "2174"]
[BlackElo "2334"]
[Result "1-0"]
[Round "7"]
[TimeControl "180+2"]
[Date "2023.06.20"]
[WhiteClock "0:00:14"]
[BlackClock "0:00:03"]
[Board "82"]

1. b3 Nf6 2. Bb2 e6 3. e3 b6 4. Nf3 Bb7 5. Be2 Be7 6. O-O O-O 7. c4 d5 8. Nc3 c5 9. cxd5 Nxd5 10. d4 Nc6 11. Nxd5 Qxd5 12. dxc5 Qxd1 13. Rfxd1 Bxc5 14. Rd7 Rab8 15. Ne5 Rfd8 16. Rad1 Rxd7 17. Rxd7 f6 18. Nxc6 Bxc6 19. Rxa7 Rd8 20. Bc3 Be4 21. b4 Bf8 22. f3 Bb1 23. Bc4 Rd6 24. b5 h5 25. Kf2 Kh7 26. Bxf6 Rd2+ 27. Kg3 Bd6+ 28. f4 Be4 29. Rxg7+ Kh6 30. Kh3 Bf5+ 31. Kh4 Bg4 32. Rg5 Rxg2 33. Bd3 Rxh2+ 34. Kg3 Rh3+ 35. Kg2 Rf3 36. Bg7# 1-0


[Site "https://www.chess.com"]

[Event "Titled Tuesday Blitz June 20 Late 2023"]
[White "O`Gorman, Tom"]
[Black "Buchenau, Frank"]
[WhiteFideId "2508249"]
[BlackFideId "4604350"]
[WhiteElo "2299"]
[BlackElo "2157"]
[Result "1-0"]
[Round "7"]
[TimeControl "180+2"]
[Date "2023.06.20"]
[WhiteClock "0:01:24"]
[BlackClock "0:00:11"]
[Board "83"]

1. Nf3 Nf6 2. g3 b6 3. Bg2 Bb7 4. O-O e6 5. d4 Be7 6. c4 O-O 7. Qc2 c5 8. dxc5 bxc5 9. Nc3 Nc6 10. Rd1 Qb6 11. b3 Rfd8 12. Bf4 d6 13. Rac1 Rac8 14. Na4 Qa5 15. Qd2 Qxd2 16. Nxd2 Ba8 17. Kf1 h6 18. Nb1 e5 19. Bd2 Nd4 20. Bxa8 Rxa8 21. e3 Nf3 22. Kg2 Nxd2 23. Rxd2 Ne4 24. Rdd1 f5 25. Nbc3 Nf6 26. Nd5 Nxd5 27. Rxd5 Kf7 28. Rcd1 Ke6 29. Nc3 a6 30. R5d2 Rf8 31. Nd5 Bd8 32. e4 f4 33. f3 fxg3 34. hxg3 Ra7 35. Ne3 a5 36. Rxd6+ Kf7 37. Rxd8 1-0


[Site "https://www.chess.com"]

[Event "Titled Tuesday Blitz June 20 Late 2023"]
[White "Shapiro, Viktor"]
[Black "Olsson, William"]
[WhiteFideId "4175700"]
[BlackFideId "1741721"]
[WhiteElo "2212"]
[BlackElo "2197"]
[Result "0-1"]
[Round "7"]
[TimeControl "180+2"]
[Date "2023.06.20"]
[WhiteClock "0:00:07"]
[BlackClock "0:00:15"]
[Board "84"]

1. c4 c5 2. Nc3 Nc6 3. g3 g6 4. Bg2 Bg7 5. Nf3 a6 6. d3 Rb8 7. a3 b5 8. cxb5 axb5 9. Bd2 Nf6 10. O-O O-O 11. b4 cxb4 12. axb4 d5 13. Rb1 e5 14. Bg5 h6 15. Bxf6 Bxf6 16. e4 Ne7 17. exd5 Nxd5 18. Nxd5 Qxd5 19. Ng5 Qd4 20. Ne4 Bg7 21. Qe2 Rd8 22. Nc5 Bf5 23. Be4 Bf8 24. Rfc1 Rbc8 25. Bxf5 gxf5 26. Qh5 Bxc5 27. bxc5 Qxd3 28. Rd1 Qc4 29. Rxd8+ Rxd8 30. Qxh6 Qd3 31. Rc1 b4 32. c6 b3 33. c7 Rc8 34. Qb6 Qd2 35. Rb1 Qc2 36. Rxb3 Rxc7 37. Re3 Qd1+ 38. Kg2 Qd5+ 39. Kh3 Rc6 40. Qb8+ Kh7 41. f3 Rh6+ 42. Kg2 Qd2+ 43. Kf1 Qxe3 44. Qb7 Qc1+ 45. Kg2 Qd2+ 46. Kf1 Kg7 47. Qe7 Qe3 48. Qg5+ Qxg5 0-1


[Site "https://www.chess.com"]

[Event "Titled Tuesday Blitz June 20 Late 2023"]
[White "D`Arruda, Ricardo D."]
[Black "Bogaudinov, Rushan"]
[WhiteFideId "100692"]
[BlackFideId "4129288"]
[WhiteElo "2535"]
[BlackElo "1967"]
[Result "1-0"]
[Round "7"]
[TimeControl "180+2"]
[Date "2023.06.20"]
[WhiteClock "0:00:20"]
[BlackClock "0:00:13"]
[Board "85"]

1. d4 Nf6 2. Nf3 g6 3. g3 Bg7 4. Bg2 O-O 5. O-O d5 6. Nc3 c6 7. Bg5 Bf5 8. Nh4 Be6 9. Bxf6 Bxf6 10. Nf3 Nd7 11. e4 dxe4 12. Nxe4 Bg7 13. c3 Bd5 14. Re1 a5 15. Qd2 a4 16. a3 Nb6 17. Rad1 Nc4 18. Qc2 Qc7 19. Ned2 Nxd2 20. Nxd2 Bxg2 21. Kxg2 c5 22. d5 c4 23. Ne4 Rfd8 24. Rd2 Ra5 25. Red1 h5 26. h3 Be5 27. f4 Bd6 28. Rd4 b5 29. Qe2 Ra7 30. Ng5 Bc5 31. Re4 Qb7 32. Re5 f6 33. Qe4 f5 34. Qf3 Ra6 35. Rde1 Rf6 36. Ne6 Bd6 37. Nxd8 Qd7 38. Nc6 Bxe5 39. fxe5 Rf8 40. Rd1 Kg7 41. Qf4 e6 42. Nd4 Qxd5+ 43. Qf3 Qxe5 44. Kf2 Qf6 45. Qc6 Kh6 46. Qxe6 Qg5 47. h4 Qg4 48. Ne2 f4 49. Qxg4 hxg4 50. Nxf4 g5 51. Rd6+ Kg7 52. hxg5 Re8 53. Rd7+ Kg8 54. g6 Re5 55. Rb7 Kf8 56. Rh7 Kg8 57. Rh5 Re4 58. Rxb5 Kg7 59. Rb7+ Kg8 60. Nh5 Re6 61. Rb8+ 1-0


[Site "https://www.chess.com"]

[Event "Titled Tuesday Blitz June 20 Late 2023"]
[White "Mikhalsky, Vladimir"]
[Black "Krsnik Cohar, Ivan Vihor"]
[WhiteFideId "14144352"]
[BlackFideId "14520044"]
[WhiteElo "2236"]
[BlackElo "2414"]
[Result "0-1"]
[Round "7"]
[TimeControl "180+2"]
[Date "2023.06.20"]
[WhiteClock "0:00:07"]
[BlackClock "0:01:05"]
[Board "86"]

1. d4 Nf6 2. c4 e6 3. g3 Bb4+ 4. Bd2 Qe7 5. Bg2 Nc6 6. Nf3 Bxd2+ 7. Nbxd2 d6 8. e3 a5 9. O-O e5 10. Qc2 O-O 11. c5 e4 12. Ng5 Nb4 13. Qb1 d5 14. h4 Bg4 15. Bh3 Be2 16. Bg2 b6 17. a3 Nd3 18. b4 axb4 19. axb4 Rxa1 20. Qxa1 Bxf1 21. Bxf1 Nxb4 22. Nb3 Nd7 23. Qa4 Nd3 24. Qc6 h6 25. Nh3 bxc5 26. Qxd5 Qe6 27. Qxe6 fxe6 28. Bxd3 exd3 29. Nxc5 Nxc5 30. dxc5 d2 0-1


[Site "https://www.chess.com"]

[Event "Titled Tuesday Blitz June 20 Late 2023"]
[White "Stachanczyk, Jacek"]
[Black "Ozates, Tuna"]
[WhiteFideId "1116657"]
[BlackFideId "6354521"]
[WhiteElo "2084"]
[BlackElo "2151"]
[Result "0-1"]
[Round "7"]
[TimeControl "180+2"]
[Date "2023.06.20"]
[WhiteClock "0:00:07"]
[BlackClock "0:00:09"]
[Board "87"]

1. e4 e5 2. Nf3 Nc6 3. d4 exd4 4. Nxd4 Bc5 5. Nxc6 Qf6 6. Qf3 Qxc6 7. Nc3 a6 8. Bd2 Ne7 9. Qg3 O-O 10. O-O-O d6 11. f4 b5 12. f5 f6 13. Kb1 Kh8 14. Bd3 Bb7 15. h4 Rae8 16. Qf4 Bd4 17. g4 Qd7 18. g5 c5 19. g6 h6 20. Qg4 Ng8 21. b3 Be5 22. Ne2 d5 23. exd5 Bxd5 24. Rh3 c4 25. Bc1 cxd3 26. Rhxd3 Qc6 27. Rxd5 Rc8 28. R5d2 Rfd8 29. Bb2 Rxd2 30. Rxd2 Qh1+ 31. Nc1 Bxb2 32. Kxb2 Qc6 33. Qd4 Qf3 34. Qd5 Qc3+ 35. Kb1 Qg3 36. Ne2 Qxh4 37. Nd4 Qe1+ 38. Kb2 Qxd2 39. Qd7 Rxc2+ 0-1


[Site "https://www.chess.com"]

[Event "Titled Tuesday Blitz June 20 Late 2023"]
[White "sebastianmarinp"]
[Black "FoxOnTheRun97"]
[WhiteElo "2378"]
[BlackElo "2527"]
[Result "1-0"]
[Round "7"]
[TimeControl "180+2"]
[Date "2023.06.20"]
[WhiteClock "0:01:01"]
[BlackClock "0:00:18"]
[Board "88"]

1. e4 e6 2. d4 d5 3. Nc3 Nf6 4. e5 Nfd7 5. f4 c5 6. Nf3 Nc6 7. Be3 Qb6 8. Na4 Qa5+ 9. c3 cxd4 10. b4 Qc7 11. Nxd4 Nxd4 12. Bxd4 Be7 13. Bd3 g5 14. O-O gxf4 15. Qh5 Nf8 16. Rxf4 Ng6 17. Rxf7 Kxf7 18. Bxg6+ Kg7 19. Bd3 Qd8 20. Qg4+ Bg5 21. h4 b6 22. Be3 h6 23. hxg5 h5 24. Qf4 Rf8 25. Qh4 Qe8 26. g6 Qxa4 27. Qe7+ 1-0


[Site "https://www.chess.com"]

[Event "Titled Tuesday Blitz June 20 Late 2023"]
[White "Badelka, Olga"]
[Black "Tobares, Leandro"]
[WhiteFideId "13509926"]
[BlackFideId "106402"]
[WhiteElo "2375"]
[BlackElo "2292"]
[Result "1-0"]
[Round "7"]
[TimeControl "180+2"]
[Date "2023.06.20"]
[WhiteClock "0:00:34"]
[BlackClock "0:00:04"]
[Board "89"]

1. d4 Nf6 2. c4 d6 3. Nf3 Nbd7 4. Nc3 e5 5. Bg5 Be7 6. e3 c6 7. Qc2 O-O 8. Rd1 Qa5 9. dxe5 Nxe5 10. Nxe5 dxe5 11. Be2 e4 12. Bf4 Bf5 13. O-O Rad8 14. h3 Bg6 15. Rxd8 Rxd8 16. Rd1 h6 17. g4 Rxd1+ 18. Qxd1 Qb4 19. Qd2 a5 20. a3 Qc5 21. Na4 Qa7 22. Bc7 b5 23. Bb6 Qa6 24. cxb5 cxb5 25. Qd4 Nh7 26. Nc3 Bf6 27. Qc5 Be7 28. Qxb5 Qc8 29. Bxa5 Ng5 30. Kg2 h5 31. Bb4 Bf6 32. Bd6 Bxc3 33. bxc3 hxg4 34. Qxg5 gxh3+ 35. Kh2 Qxc3 36. Qd8+ Kh7 37. Qh4+ Kg8 38. Bg4 f5 39. Bxh3 Qe1 40. Bg3 Qa1 41. Qd8+ Kh7 42. Qd6 Qc3 43. a4 1-0


[Site "https://www.chess.com"]

[Event "Titled Tuesday Blitz June 20 Late 2023"]
[White "Buscar, Michael"]
[Black "whiteglovethief"]
[WhiteFideId "2603616"]
[WhiteElo "2010"]
[BlackElo "2521"]
[Result "1-0"]
[Round "7"]
[TimeControl "180+2"]
[Date "2023.06.20"]
[WhiteClock "0:00:29"]
[BlackClock "0:00:55"]
[Board "90"]

1. d4 Nf6 2. c4 g6 3. Nc3 Bg7 4. e4 d6 5. Nf3 O-O 6. h3 e5 7. d5 a5 8. Be3 Na6 9. g4 Nc5 10. Qc2 Nfd7 11. O-O-O Nb6 12. Be2 Bd7 13. Rdg1 Kh8 14. h4 f5 15. gxf5 gxf5 16. Rxg7 Kxg7 17. Bg5 Qe8 18. h5 h6 19. Be3 Nxe4 20. Nxe4 fxe4 21. Qxe4 Bf5 22. Rg1+ Kh7 23. Qh4 Rf7 24. Ng5+ hxg5 25. Qxg5 Qf8 26. h6 Rf6 27. Bh5 Qxh6 28. Qh4 Rg8 29. Rxg8 Kxg8 30. Bxh6 Rxh6 31. Qg5+ 1-0


[Site "https://www.chess.com"]

[Event "Titled Tuesday Blitz June 20 Late 2023"]
[White "Kochiev, Ivan"]
[Black "Hoffmann, Asa"]
[WhiteFideId "2917890"]
[BlackFideId "2001470"]
[WhiteElo "2287"]
[BlackElo "2117"]
[Result "1-0"]
[Round "7"]
[TimeControl "180+2"]
[Date "2023.06.20"]
[WhiteClock "0:00:49"]
[BlackClock "0:00:18"]
[Board "91"]

1. e4 d6 2. d4 Nf6 3. Bd3 e5 4. c3 Nc6 5. Be3 Be7 6. f4 d5 7. fxe5 Nxe4 8. Nf3 Bg4 9. O-O O-O 10. Nbd2 f5 11. exf6 Nxf6 12. h3 Bh5 13. Qe2 Qd6 14. Rae1 Rae8 15. Qf2 h6 16. Qh4 Bxf3 17. Nxf3 Ne4 18. Qh5 Ng3 19. Qg6 Qxg6 20. Bxg6 Nxf1 21. Bxe8 Nxe3 22. Bxc6 bxc6 23. Rxe3 Bd6 24. Ne5 Bxe5 25. Rxe5 Rb8 26. b4 Kf7 27. Kf2 a5 28. a3 axb4 29. axb4 Ra8 30. Rf5+ Ke7 31. Ke3 Ra2 32. g4 Rh2 33. Rf3 Ke6 34. Kf4 Rc2 35. h4 Rh2 36. Re3+ Kd6 37. h5 Rc2 38. Kf5 Rg2 39. Re6+ Kd7 40. Rg6 Rg3 41. Rxg7+ Kd6 42. Rg6+ Kd7 43. Rxh6 Rxc3 44. g5 Rf3+ 45. Kg4 Rd3 46. g6 Rxd4+ 47. Kf3 Ke7 48. Rh7+ Kf8 49. Rxc7 Rh4 50. Rh7 Rxb4 51. h6 Rh4 52. Rh8+ Ke7 53. g7 1-0


[Site "https://www.chess.com"]

[Event "Titled Tuesday Blitz June 20 Late 2023"]
[White "Castella Garcia, Fausto"]
[Black "Karamsetty, Jeevan"]
[WhiteFideId "3501922"]
[BlackFideId "2025337"]
[WhiteElo "2245"]
[BlackElo "2131"]
[Result "0-1"]
[Round "7"]
[TimeControl "180+2"]
[Date "2023.06.20"]
[WhiteClock "0:00:03"]
[BlackClock "0:00:07"]
[Board "92"]

1. e4 c6 2. Nc3 d5 3. Nf3 dxe4 4. Nxe4 Nf6 5. Qe2 e6 6. Nxf6+ gxf6 7. g3 Bd6 8. d4 Nd7 9. Bg2 h5 10. h4 f5 11. Bg5 Qa5+ 12. Bd2 Qb6 13. O-O-O a5 14. c4 Bb4 15. d5 Nc5 16. Ne5 cxd5 17. cxd5 Bxd2+ 18. Rxd2 a4 19. Rhd1 Nb3+ 20. axb3 axb3 21. Rd3 Qb4 22. Rc3 O-O 23. Qxh5 Ra1+ 24. Kd2 Qd4+ 25. Nd3 Ra2 26. Qg5+ Kh8 27. Ke1 exd5 28. Kf1 Rxb2 29. Nxb2 Qxc3 30. Bxd5 Qxb2 31. Bxf7 Qg7 32. Qh5+ Qh7 33. Bg6 Qxh5 34. Bxh5 Be6 35. Bf3 Rc8 36. Rd2 Rc2 37. Ke1 b2 38. Rd1 Rc1 39. Kd2 b1=Q 40. Rxc1 Qb2+ 41. Rc2 Qd4+ 42. Kc1 b5 43. Bc6 b4 44. Ba4 b3 45. Rc6 Qxa4 46. Rxe6 Qa1+ 47. Kd2 b2 48. Rh6+ Kg7 0-1


[Site "https://www.chess.com"]

[Event "Titled Tuesday Blitz June 20 Late 2023"]
[White "Petukhov, Dmitry"]
[Black "Rodriguez Polo, Mateo"]
[WhiteFideId "4142748"]
[BlackFideId "24509396"]
[WhiteElo "2311"]
[BlackElo "2117"]
[Result "1-0"]
[Round "7"]
[TimeControl "180+2"]
[Date "2023.06.20"]
[WhiteClock "0:01:39"]
[BlackClock "0:00:00"]
[Board "93"]

1. e4 e6 2. d4 d5 3. e5 c5 4. c3 Nc6 5. Nf3 Bd7 6. a3 c4 7. Nbd2 Na5 8. Be2 Bc6 9. Nf1 Qd7 10. Rb1 Ne7 11. Ng3 Ba4 12. Qd2 O-O-O 13. Qf4 Ng6 14. Qg4 Bc2 15. Ra1 Nb3 16. Bg5 Nxa1 17. Bxd8 Qxd8 18. Kd2 h5 19. Qg5 Qb6 20. Rxa1 Qxb2 21. Rc1 Be4+ 22. Ke1 Bxa3 23. Rd1 Bc2 24. Qe3 Bxd1 25. Bxd1 Qc1 26. Qe2 Qxc3+ 27. Kf1 Bb4 28. Ng5 Qa3 29. Nxf7 Rf8 30. Ng5 Qc3 31. Nxe6 Qxd4 32. Nxd4 Bc5 33. Ngf5 1-0


[Site "https://www.chess.com"]

[Event "Titled Tuesday Blitz June 20 Late 2023"]
[White "Kostiukov, Alexandr"]
[Black "Bilan, Danila"]
[WhiteFideId "14108100"]
[BlackFideId "24161918"]
[WhiteElo "2202"]
[BlackElo "2146"]
[Result "0-1"]
[Round "7"]
[TimeControl "180+2"]
[Date "2023.06.20"]
[WhiteClock "0:00:00"]
[BlackClock "0:00:13"]
[Board "94"]

1. g3 d5 2. Bg2 Nf6 3. d3 Bf5 4. c4 c6 5. Nd2 e6 6. Ngf3 Nbd7 7. O-O Bc5 8. a3 a5 9. b3 h6 10. Bb2 O-O 11. Ne5 Qe7 12. e4 dxe4 13. dxe4 Bh7 14. Nxd7 Nxd7 15. Qe2 e5 16. Nf3 Rfe8 17. Nh4 Nf8 18. Nf5 Qc7 19. Qg4 Bg6 20. h4 Ne6 21. h5 Bxf5 22. exf5 Ng5 23. Kh1 Nh7 24. Rae1 Rad8 25. Qe2 Bd4 26. Bxd4 Rxd4 27. Rd1 c5 28. Rxd4 cxd4 29. Qe4 b6 30. Qc6 Qxc6 31. Bxc6 Rc8 32. Bd5 Nf6 0-1


[Site "https://www.chess.com"]

[Event "Titled Tuesday Blitz June 20 Late 2023"]
[White "rionelG"]
[Black "Papayan, Oleg"]
[BlackFideId "4193911"]
[WhiteElo "2265"]
[BlackElo "2167"]
[Result "0-1"]
[Round "7"]
[TimeControl "180+2"]
[Date "2023.06.20"]
[WhiteClock "0:00:00"]
[BlackClock "0:00:06"]
[Board "95"]

1. e4 e5 2. Nf3 Nc6 3. d4 exd4 4. Nxd4 Qh4 5. Nb5 Bb4+ 6. Bd2 Nf6 7. N1c3 Nxe4 8. Qe2 Bxc3 9. Nxc3 O-O 10. Nxe4 Nd4 11. Qd3 Re8 12. O-O-O Qxe4 13. Bc3 Qxd3 14. Bxd3 Ne2+ 15. Bxe2 Rxe2 16. Rhe1 Rxe1 17. Rxe1 Kf8 18. Re4 d6 19. Rh4 h6 20. Rc4 c5 21. b4 b6 22. bxc5 dxc5 23. f3 Be6 24. Ra4 f6 25. Kb2 Ke7 26. Re4 Kd6 27. a4 Bf5 28. Rf4 Bd7 29. h4 Re8 30. Re4 Rxe4 31. fxe4 Bc6 32. g3 Bxe4 33. a5 b5 34. Bd2 a6 35. Kc3 Kd5 36. Bf4 Bh7 37. Bc7 g5 38. Bd8 Ke6 39. Kd2 Kf5 40. Ke3 Kg4 41. Bxf6 Bxc2 42. hxg5 hxg5 43. Be7 c4 44. Kd4 Bd3 0-1


[Site "https://www.chess.com"]